 Dungeon Crawl Stone Soup version 0.28.0-1-gb440e238dd (webtiles) character file.

Game seed: 15559180816894586884

61 Snicker the Sneak (level 3, -2/29 HPs)
             Began as a Demonspawn Delver on Feb 22, 2022.
             Slain by an orc (20 damage)
             ... on level 5 of the Dungeon.
             The game lasted 00:00:28 (754 turns).

Snicker the Sneak (Demonspawn Delver)                Turns: 754, Time: 00:00:28

Health: -2/29      AC:  3    Str: 12    XL:     3   Next: 83%
Magic:  3/3        EV: 12    Int: 11    God:
Gold:   39         SH:  0    Dex: 16    Spells: 2/2 levels left

rFire   . . .      SeeInvis .   a - +0 short sword
rCold   . . .      Faith    .   (no shield)
rNeg    . . .      Spirit   .   b - +0 leather armour
rPois   .          Reflect  .   (no helmet)
rElec   .          Harm     .   (no cloak)
rCorr   .          Rampage  .   (no gloves)
Will    .....                   (no boots)
Stlth   +++.......              (no amulet)
HPRegen 0.09/turn               (no ring)
MPRegen 0.08/turn               (no ring)

@: no status effects
A: demonic touch 2
a: no special abilities


You were on level 5 of the Dungeon.
You visited 1 branch of the dungeon, and saw 2 of its levels.

You collected 39 gold pieces.

Inventory:

Hand Weapons
 a - a +0 short sword (weapon)
Armour
 b - a +0 leather armour (worn)
Wands
 g - a wand of digging (3)
Scrolls
 c - a scroll of fog
 d - a scroll of magic mapping
 e - a scroll of fear
 h - a scroll of identify {unknown}
 i - a scroll of vulnerability {unknown}
 j - a scroll of teleportation {unknown}
Potions
 f - a potion of haste


   Skills:
 + Level 3.2 Fighting
 * Level 2.1 Short Blades
 + Level 0.2 Armour
 + Level 1.8 Dodging
 * Level 5.5 Stealth


You had 2 spell levels left.
You didn't know any spells.
Your spell library was empty.

Dungeon Overview and Level Annotations

Branches:
Dungeon (6/15)
 Temple: D:4-7

Altars:


Innate Abilities, Weirdness & Mutations

Your touch may inflict irresistible damage on your foes.


Message History

There are no items here.
j - a scroll labelled URASEF KEXOM An orc comes into view.
It is wielding a +0 war axe.
The orc shouts!
The orc hits you with a +0 war axe.
You closely miss the orc.
You touch the orc.
The orc is heavily wounded.
An orc priest comes into view. It is wielding a +0 mace.
The orc closely misses you.
The orc priest shouts!
You hit the orc but do no damage.
You touch the orc.
You kill the orc!
You hear a shout! x3
You hit the orc priest.
You touch the orc priest.
The orc priest is heavily wounded.
The orc priest closely misses you.
You hit the orc priest.
The orc priest is severely wounded.
The orc priest closely misses you.
An orc comes into view.
It is wielding a +0 whip and wearing a +2 chain mail of positive energy.
You closely miss the orc priest.
You touch the orc priest.
You kill the orc priest!
You hit the orc but do no damage.
You touch the orc.
The orc is heavily wounded.
The orc hits you with a +0 whip.
You hit the orc. Your touch misses the orc.
The orc is almost dead.
The orc hits you with a +0 whip.
You hit the orc but do no damage.
The orc is almost dead.
The orc hits you with a +0 whip.
You hit the orc but do no damage.
You touch the orc.
You kill the orc!
An orc comes into view.
It is wielding a +2 dagger of electrocution.
Items here: ))) [[ ††.
You hit the orc.
The orc is moderately wounded.
The orc hits you but does no damage.
You are electrocuted!!
Ouch! That really hurt!
You die...

........ .###### .# .#
.# .######## ..........
#
.........#..#######..###
########........@o......
######## ######)####.###
.......# #.#
######.########.#
#..........#
############


You could see an orc.

Vanquished Creatures
  A bullfrog skeleton (D:6)
  An orc priest (D:5)
  2 orcs (D:5)
4 creatures vanquished.

Notes
Turn   | Place    | Note
-------+----------+-------------------------------------------
     0 | D:5      | Snicker the Demonspawn Delver began the quest for the Orb.
     0 | D:5      | Reached XP level 1. HP: 18/18 MP: 1/1
    16 | D:6      | Reached skill level 5 in Stealth
    16 | D:6      | Gained mutation: Your touch may inflict minor irresistible
                  | damage on your foes. [demonic ancestry]
    16 | D:6      | Reached XP level 2. HP: 5/24 MP: 2/2
    16 | D:6      | Gained mutation: Your touch may inflict irresistible damage
                  | on your foes. [demonic ancestry]
    16 | D:6      | Reached XP level 3. HP: 6/29 MP: 3/3
   754 | D:5      | Slain by an orc

Illustrated notes

Levels and vault maps discovered:
D:5:      layout_loops_ring, temple_pool_b
D:6:      layout_basic, overflow_temple_1_default

Skill      XL: |  1 |
---------------+----+-----
Short Blades   | 2 |  2.1
Stealth        | 5 |  5.5
Fighting       | |  3.2
Armour         | |  0.2
Dodging        | |  1.8

Action                   || total
-------------------------++-------
Melee: Short sword       ||    19
       Touch             ||     6
Armor: Leather armour    ||     1
Dodge: Dodged            ||     8
